 Dungeon Crawl Stone Soup version 0.30-a0-137-gd8773701ce (webtiles) character file.

Game seed: 5666502300917218672

221 Flugkiller the Trooper (level 6, -3/49 HPs)
             Began as a Formicid Hunter on Sept 21, 2022.
             Constricted to death by Pikel (7 damage)
             ... on level 4 of the Dungeon.
             The game lasted 00:02:47 (2415 turns).

Flugkiller the Trooper (Formicid Hunter)            Turns: 2415, Time: 00:02:47

Health: -3/49      AC:  3    Str: 14 (15) XL:     6   Next: 19%
Magic:  6/6        EV:  9    Int: 11 (12) God:
Gold:   245        SH:  0    Dex: 15 (18) Spells: 5/5 levels left

rFire   . . .      SeeInvis +    b - +1 short sword (venom)
rCold   . . .      Faith    .    (no shield)
rNeg    . . .      Spirit   .    c - +0 leather armour
rPois   .          Reflect  .    (helmet unavailable)
rElec   .          Harm     .    (no cloak)
rCorr   .          Rampage  .    (no gloves)
Will    .....                    (no boots)
Stlth   ++........               (no amulet)
HPRegen 0.16/turn                (no ring)
MPRegen 0.10/turn                (no ring)

@: mighty, grasped by roots, attractive, constricted
A: permanent stasis, dig shafts and tunnels, antennae 3, four strong arms,
hooves 1, clever 1, devolution 1
a: Dig, Shaft Self


You were on level 4 of the Dungeon.
You visited 1 branch of the dungeon, and saw 4 of its levels.

You collected 245 gold pieces.

Inventory:

Hand Weapons
 a - a +0 shortbow
 b - a +1 short sword of venom (weapon)
   (You took it off a kobold on level 1 of the Dungeon)
Armour
 c - a +0 leather armour (worn)
 q - the +1 ring mail of the Big Bang {Harm Str+5}
   (You found it on level 3 of the Dungeon)

   Str:       It affects your strength (+5).
   Harm:      It increases damage dealt and taken.
Wands
 l - a wand of mindburst (14)
   (You found it on level 2 of the Dungeon)
Scrolls
 f - a scroll of immolation
 i - a scroll of torment
 n - a scroll of poison {unknown}
 o - a scroll of fog {unknown}
Potions
 e - a potion of magic
 k - a potion of resistance {unknown}


   Skills:
 + Level 4.7 Fighting
 + Level 2.5 Short Blades
 - Level 4.1 Ranged Weapons
 - Level 2.0 Dodging
 - Level 1.7 Stealth
 + Level 2.3 Evocations


You had 5 spell levels left.
You didn't know any spells.
Your spell library contained the following spells:

 Spells                   Type           Power      Damage    Failure   Level
 Cigotuvi's Dreadful Rot  Necr/Pois/Air  0%         N/A       56%         2
 Poisonous Vapours        Pois/Air       0%         N/A       56%         2
 Ozocubu's Armour         Ice            0%         N/A       80%         3
 Ozocubu's Refrigeration  Ice            0%         4d7       100%        7


Dungeon Overview and Level Annotations

Branches:
Dungeon (4/15) Zot: 21584
 Temple: D:4-7

Altars:
Elyvilon
Sif Muna

Shops:
D:1 (   D:3 [

Annotations:
D:3 1 runed translucent door, Crazy Yiuf, Grinder
D:4 Pikel


Innate Abilities, Weirdness & Mutations

You cannot be hasted, slowed, berserked, paralysed or teleported.
You can dig through walls and to a lower floor.
You have a pair of large antennae on your head. (SInv)
Your four strong arms can wield two-handed weapons with a shield.
You have large cloven feet.
Your mind is acute. (Int +4, Str/Dex -1)
You have hidden genetic defects.


Message History

Found a spear.
You now have 245 gold pieces (gained 13).
j - a lumpy yellow potion You open the door.
There is an open door here.
You sense a monster nearby.
A goblin comes into view. It is wielding a +0 club.
A goblin is nearby!
Found a dagger.
The goblin shouts!
The goblin barely misses you.
You hit the goblin.
You kill the goblin!
No target in view!
No target in view!
No target in view!
No target in view!
No target in view!
No target in view!
You see here a +0 club. 2 lemures come into view.
The lemure shouts! x2
A lemure comes into view. x2
The lemure shouts!
There are monsters nearby!
There are monsters nearby!
Pikel, Merchant of Souls comes into view.
He is wielding a +0 whip of freezing and carrying a wand of roots (8).
It was a potion of magic.
Magic courses through your body.
It was a potion of attraction.
You feel attractive to monsters.
The lemure is attracted toward you. x2; Pikel is attracted toward you.
It was a potion of berserk rage.
Your stasis prevents you from going berserk.
Pikel shouts!
You hear an angry hiss.
The lemure hits you but does no damage.
It was a potion of curing.
You feel better. The lemure hits you.
It was a potion of degeneration.
There was something very wrong with that liquid.
You feel weakened.
You feel dopey.
You feel clumsy. The lemure hits you but does no damage.
You miss the lemure. The lemure hits you but does no damage.
You miss the lemure. The lemure hits you.
You hit the lemure but do no damage.
The lemure is poisoned.
The lemure barely misses you.
You hit the lemure but do no damage.
The lemure looks as sick as possible!
An adder comes into view.
The lemure closely misses you. The adder is attracted toward you.
You hit the lemure.
The lemure looks as sick as possible!
The lemure is lightly wounded.
The lemure hits you.
You hit the lemure. Your punch misses the lemure.
The lemure is moderately wounded.
The lemure barely misses you.
It was a potion of might.
You feel very mighty all of a sudden. The lemure closely misses you.
You hit the lemure but do no damage.
The lemure looks as sick as possible!
The lemure is heavily wounded.
You hit the lemure.
The lemure looks as sick as possible!
The lemure is severely wounded.
The lemure hits you but does no damage.
You miss the lemure.
The lemure is severely wounded.
The lemure closely misses you.
You hit the lemure.
The lemure looks as sick as possible!
The lemure is almost dead.
You kill the lemure!
That felt strangely unrewarding.
Pikel zaps a wand.
The roots erupt in riotous growth!
The lemure is unaffected.
The grasping roots grab you! The grasping roots constrict you.
Pikel is attracted toward you. The lemure is attracted toward you.
The adder is attracted toward you.
You barely miss the lemure. The lemure hits you.
The grasping roots constrict you.
You hit the lemure.
The lemure is poisoned.
The lemure is lightly wounded.
The lemure hits you. The grasping roots constrict you.
You are too injured to fight recklessly!
You are too injured to fight recklessly!
You miss the lemure.
The lemure is lightly wounded.
The grasping roots constrict you.
It was a potion of mutation.
You feel extremely strange.
Your feet thicken and deform.
You feel a hidden malignance growing inside you.
You feel clever.
The grasping roots release their grip on you.
You barely miss Pikel. Your kick misses Pikel.
Pikel zaps a wand.
The roots erupt in riotous growth!
The grasping roots grab you!
Pikel is unaffected.
The grasping roots constrict you!
* * * LOW HITPOINT WARNING * * *
You barely miss Pikel. You completely miss Pikel. Pikel barely misses you.
The grasping roots constrict you.
* * * LOW HITPOINT WARNING * * *
You puncture Pikel!
Pikel is poisoned.
Your kick misses Pikel.
Pikel is moderately wounded.
Pikel completely misses you. The grasping roots constrict you!
You die...

#.......#
........#######
........).....######
........#####......#
#.........###......#
#.......#..........#
#)##....#####......#
#.......#####......#
####.#.......##@###
#.##########K# #+
#5# #5# S5. ...
...## {.... #...#


You could see Pikel (very poisoned), 3 lemures and an adder.

Vanquished Creatures
  A lemure (D:4)
  2 hounds
  Jessica (D:3)
  9 adders
  2 dart slugs (D:1)
  An orc (D:3)
  2 ball pythons (D:2)
  3 bats (D:1)
  4 endoplasms
  3 giant cockroaches
  6 hobgoblins
  3 kobolds
  3 quokkas (D:1)
  A frilled lizard (D:2)
  6 goblins
  9 rats
56 creatures vanquished.

Notes
Turn   | Place    | Note
-------+----------+-------------------------------------------
     0 | D:1      | Flugkiller the Formicid Hunter began the quest for the Orb.
     0 | D:1      | Reached XP level 1. HP: 16/16 MP: 1/1
   134 | D:1      | Found Sexkod's Weapon Shoppe.
   188 | D:1      | Reached XP level 2. HP: 23/23 MP: 2/2
   274 | D:1      | Reached XP level 3. HP: 27/29 MP: 3/3
   920 | D:2      | Reached skill level 1 in Short Blades
   920 | D:2      | Reached XP level 4. HP: 30/37 MP: 4/4
  1056 | D:2      | Found a faded altar of an unknown god.
  1276 | D:3      | Noticed Grinder
  1311 | D:3      | Found a runed translucent door.
  1312 | D:3      | Noticed Crazy Yiuf
  1343 | D:3      | Found a white marble altar of Elyvilon.
  1362 | D:3      | Reached skill level 1 in Evocations
  1362 | D:3      | Reached XP level 5. HP: 34/42 MP: 5/5
  1391 | D:3      | Identified the +1 ring mail of the Big Bang {Harm Str+5}
  1841 | D:3      | Found Ecytre's Armour Shoppe.
  1919 | D:3      | Noticed Jessica
  2087 | D:3      | Killed Jessica
  2092 | D:3      | Found a shimmering blue altar of Sif Muna.
  2246 | D:4      | Reached XP level 6. HP: 39/49 MP: 6/6
  2390 | D:4      | Noticed Pikel
  2411 | D:4      | Gained mutation: You have large cloven feet. [potion of
                  | mutation]
  2411 | D:4      | Gained mutation: You have hidden genetic defects. [potion
                  | of mutation]
  2411 | D:4      | Gained mutation: Your mind is acute. (Int +4, Str/Dex -1)
                  | [potion of mutation]
  2415 | D:4      | Constricted to death by Pikel

Illustrated notes

Levels and vault maps discovered:
D:1:      dpeg_arrival_prison, layout_loops_ring, serial_shops,
          nicolae_diamond_shop
D:2:      layout_rooms, ebering_ecumenical_altar_abandoned
D:3:      layout_rooms, lemuel_round_altar, tgw_sif, serial_shops, shop,
          uniq_crazy_yiuf_cottage, uniq_grinder
D:4:      layout_loops_corners, nicolae_shop_sticking_my_neck_out, uniq_ijyb,
          uniq_pikel

Skill      XL: |  1  2  3  4  5 |
---------------+----------------+-----
Dodging        | 2 |  2.0
Fighting       | 3 4 |  4.7
Short Blades   | 1 2 |  2.5
Evocations     | 1 2 |  2.3
Ranged Weapons | |  4.1
Stealth        | |  1.7

Action                   |  1- 3 |  4- 6 || total
-------------------------+-------+-------++-------
Melee: Short sword       |    49 |    88 ||   137
 Fire: Shortbow          |    24 |     4 ||    28
  Use: Scroll            |       |     4 ||     4
       Potion            |       |     7 ||     7
 Stab: Sleeping          |     3 |       ||     3
       Distracted        |       |     1 ||     1
Armor: Leather armour    |    16 |    15 ||    31
Dodge: Dodged            |    31 |    42 ||    73

Table legend: (Time is in decaauts)
 A = Elapsed time spent in this place.
 B = Non-inter-level travel time spent in this place.
 C = Inter-level travel time spent in this place.
 D = Time resting spent in this place.
 E = Time spent auto-exploring this place.
 F = Levels seen in this place.
 G = Mean time per level.
                   A        B        C        D        E       F      G
               +--------+--------+--------+--------+--------+-----+--------+
         Total |   2414 |   2330 |     84 |    442 |   1425 |   4 |  603.5 |
       Dungeon |   2414 |   2330 |     84 |    442 |   1425 |   4 |  603.5 |
               +--------+--------+--------+--------+--------+-----+--------+

Top non-repeatable levels by time:
     D:1: 767 daAuts
     D:3: 761 daAuts
     D:2: 686 daAuts
     D:4: 199 daAuts
